 Dungeon Crawl Stone Soup version 0.26.1-2-gb8aa6d0cf2 (webtiles) character file.

Game seed: 11373928310796714445

3440275 Elvor the Conqueror (level 27, 179/179 HPs)
             Began as a Gargoyle Warper on Mar 4, 2021.
             Was the Champion of Okawaru.
             Escaped with the Orb
             ... and 5 runes on Mar 10, 2021!
             The game lasted 14:57:10 (64274 turns).

Elvor the Conqueror (Gargoyle Warper)              Turns: 64274, Time: 14:57:10

Health: 179/179    AC: 52    Str: 40    XL:     27
Magic:  33/33      EV: 30    Int: 25    God:    Okawaru [******]
Gold:   7525       SH: 23    Dex: 25    Spells: 21/39 levels left

rFire    + . .     SeeInvis +   q - +9 demon whip (freeze)
rCold    . . .     Faith    .   Y - +1 kite shield "Cuuc" {Will+ Regen+ Str+8}
rNeg     + . .     Spirit   .   e - +3 chain mail of Dishonour {*Corrode rPois rF+ Will+++ Regen+}
rPois    ∞         Reflect  +   J - +0 hat of Xuyfoj {rF- Str+6 Int+7}
rElec    +         Harm     .   v - +2 cloak "Gikhlukk" {+Blink Dex+3}
rCorr    .         Rampage  +   O - +2 pair of gloves "Ovvyrcheu" {rElec rF+}
Will     +++++                  z - +1 pair of boots of the Bells {Rampage Dex+5}
Stlth    +.........             l - amulet "Ogekeghu" {Reflect Slay+3 SH+5}
HPRegen  1.19/turn              n - ring of the Hare {EV+8}
MPRegen  0.23/turn              G - ring of Twilight {Int+2 Dex+6 SInv}

@: flying
A: big wings, icy blue scales 2, thin metallic scales 1, agile 1, deterioration
1, frail 1, negative energy resistance 1, screaming 1, electricity resistance,
unbreathing, petrification resistance, miasma immunity, AC +20
0: Orb of Zot
}: 5/15 runes: decaying, serpentine, slimy, silver, abyssal
a: Stop Flying, Renounce Religion, Evoke Blink, Heroism, Finesse


You escaped.
You worshipped Okawaru.
Okawaru was exalted by your worship.
You visited 11 branches of the dungeon, and saw 55 of its levels.
You visited the Abyss 1 time.
You also visited: Bailey, Ice Cave, Volcano and Wizlab.

You collected 10581 gold pieces.
You spent 3056 gold pieces at shops.

Inventory:

Hand Weapons
 q - a +9 demon whip of freezing (weapon)
 V - a +2 vampiric morningstar
 W - the +6 dire flail "Bioravo" {holy, rElec Will+}
   (You took it off a guardian mummy on level 4 of the Realm of Zot)

   It has been blessed by the Shining One to cause great damage to the undead
   and demons.
   It insulates you from electricity.
   It affects your willpower, your defense against some magical effects.
Missiles
 a - 73 javelins
 b - 5 silver boomerangs (quivered)
 c - 11 boomerangs
Armour
 e - the +3 chain mail of Dishonour (worn) {*Corrode rPois rF+ Will+++ Regen+}
   (You found it on level 6 of the Lair of Beasts)

   It protects you from fire.
   It protects you from poison.
   It affects your willpower, your defense against some magical effects.
   It increases your rate of regeneration.
   It may corrode you when you take damage.
 v - the +2 cloak "Gikhlukk" (worn) {+Blink Dex+3}
   (You found it in a wizard's laboratory)

   It affects your dexterity (+3).
   It lets you blink.
 y - the +0 pair of gloves of Magic {Will+ rCorr}
   (Okawaru gifted it to you on level 3 of the Realm of Zot)

   It affects your willpower, your defense against some magical effects.
   It provides partial protection from all sources of acid and corrosion.
 z - the +1 pair of boots of the Bells (worn) {Rampage Dex+5}
   (Okawaru gifted it to you on level 2 of the Lair of Beasts)

   It affects your dexterity (+5).
   It bestows one free step when moving towards enemies.
 B - a +2 hat
 J - the +0 hat of Xuyfoj (worn) {rF- Str+6 Int+7}
   (You found it on level 2 of the Realm of Zot)

   It affects your strength (+6).
   It affects your intelligence (+7).
   It makes you vulnerable to fire.
 O - the +2 pair of gloves "Ovvyrcheu" (worn) {rElec rF+}
   (You found it on level 1 of the Depths)

   It protects you from fire.
   It insulates you from electricity.
 Q - the +0 helmet "Fischae" {rCorr Slay+2}
   (Okawaru gifted it to you on level 5 of the Realm of Zot)

   It affects your accuracy and damage with ranged weapons and melee attacks
   (+2).
   It provides partial protection from all sources of acid and corrosion.
 R - the +1 plate armour of Miracles {MP+9 Str+2 Dex+3 Stlth-}
   (Okawaru gifted it to you on level 4 of the Realm of Zot)

   It affects your strength (+2).
   It affects your dexterity (+3).
   It affects your magic capacity (+9).
   It makes you less stealthy.
 Y - the +1 kite shield "Cuuc" (worn) {Will+ Regen+ Str+8}
   (You bought it in a shop on level 5 of the Dungeon)

   It affects your strength (+8).
   It affects your willpower, your defense against some magical effects.
   It increases your rate of regeneration.
Jewellery
 h - the amulet "Impohon" {Acrobat +Blink rF- Int+2}
   (You found it on level 2 of the Realm of Zot)

   [amulet of the acrobat]

   It helps you evade while moving and waiting.
   It affects your intelligence (+2).
   It makes you vulnerable to fire.
   It lets you blink.
 l - the amulet "Ogekeghu" (around neck) {Reflect Slay+3 SH+5}
   (You found it on level 3 of the Snake Pit)

   [amulet of reflection]

   It shields you and reflects attacks.
   It affects your accuracy and damage with ranged weapons and melee attacks
   (+3).
   It affects your SH (+5).
 n - the ring of the Hare (left hand) {EV+8}
   (You found it on level 6 of the Lair of Beasts)

   [ring of evasion]

   It affects your evasion (+8).
 G - the ring of Twilight (right hand) {Int+2 Dex+6 SInv}
   (You found it on level 5 of the Dungeon)

   [ring of dexterity]

   It affects your intelligence (+2).
   It affects your dexterity (+6).
   It lets you see invisible.
Wands
 k - a wand of disintegration (49)
 m - a wand of iceblast (11)
 o - a wand of paralysis (51)
 P - a wand of digging (15)
 X - a wand of acid (40)
 Z - a wand of polymorph (40)
Scrolls
 i - 2 scrolls of vulnerability
 j - 2 scrolls of enchant weapon
 p - 13 scrolls of blinking
 r - 15 scrolls of fog
 s - 2 scrolls of silence
 t - 13 scrolls of magic mapping
 u - 7 scrolls of summoning
 w - 25 scrolls of teleportation
 D - 10 scrolls of immolation
 K - 21 scrolls of remove curse
 T - 11 scrolls of fear
Potions
 g - a potion of attraction
 x - 4 potions of ambrosia
 A - 2 potions of berserk rage
 C - 11 potions of brilliance
 E - 3 potions of haste
 F - 29 potions of curing
 H - 5 potions of heal wounds
 I - 4 potions of invisibility
 L - 19 potions of lignification
 M - 4 potions of magic
 N - 8 potions of resistance
 S - 4 potions of might
Miscellaneous
 U - a lightning rod (4/4)


   Skills:
 O Level 27 Fighting
 + Level 24.1 Maces & Flails
 + Level 24.1 Throwing
 + Level 15.0 Armour
 + Level 12.8 Dodging
 + Level 8.7 Stealth
 - Level 15.0 Shields
 + Level 6.7 Spellcasting
 + Level 1.7 Conjurations
 + Level 1.2 Necromancy
 + Level 6.2 Translocations
 + Level 0.2 Transmutations
 + Level 0.9 Ice Magic
 + Level 0.1 Earth Magic
 + Level 10.8 Invocations
 + Level 6.8 Evocations


You had 21 spell levels left.
You knew the following spells:

 Your Spells              Type           Power        Failure   Level
a - Blink                 Tloc           N/A          1%          2
b - Teleport Other        Tloc           39%          4%          3
c - Pain                  Necr           56%          10%         1
d - Freeze                Ice            52%          12%         1
e - Passage of Golubria   Tloc           N/A          13%         4
f - Apportation           Tloc           78%          1%          1
g - Magic Dart            Conj           68%          9%          1
h - Passwall              Tmut/Erth      7%           24%         2
i - Portal Projectile     Hex/Tloc       48%          14%         3

Your spell library contained the following spells:

 Spells                   Type           Power        Failure   Level
 Gell's Gravitas          Tloc           19%          4%          3
 Lesser Beckoning         Tloc           19%          4%          3
 Animate Skeleton         Necr           28%          10%         1
 Foxfire                  Conj/Fire      48%          12%         1
 Searing Ray              Conj           34%          12%         2
 Beastly Appendage        Tmut           18%          16%         1
 Sandblast                Erth           18%          16%         1
 Sting                    Tmut/Pois      36%          16%         1
 Corona                   Hex            8%           17%         1
 Summon Small Mammal      Summ           32%          17%         1
 Corpse Rot               Necr/Air       N/A          21%         2
 Ensorcelled Hibernation  Hex/Ice        20%          21%         2
 Wereblood                Tmut           9%           22%         2
 Call Imp                 Summ           8%           26%         2
 Poisonous Vapours        Pois/Air       16%          26%         2
 Slow                     Hex            8%           26%         2
 Vampiric Draining        Necr           7%           30%         3
 Iskenderun's Mystic Bla  Conj/Tloc      28%          32%         4
 Conjure Flame            Conj/Fire      12%          34%         3
 Dazzling Flash           Conj/Hex       24%          34%         3
 Frozen Ramparts          Ice            26%          34%         3
 Ozocubu's Armour         Ice            13%          34%         3
 Stone Arrow              Conj/Erth      26%          34%         3
 Mephitic Cloud           Conj/Pois/Air  11%          36%         3
 Ignite Poison            Fire/Tmut/Pois 8%           43%         3
 Spider Form              Tmut/Pois      4%           43%         3
 Confusing Touch          Hex            8%           45%         3
 Inner Flame              Hex/Fire       8%           45%         3
 Tukima's Dance           Hex            8%           45%         3
 Hailstorm                Conj/Ice       15%          67%         4
 Animate Dead             Necr           7%           69%         4
 Fulminant Prism          Conj/Hex       6%           75%         4
 Sticky Flame             Conj/Fire      12%          75%         4
 Ice Form                 Ice/Tmut       11%          78%         4
 Summon Forest            Summ/Tloc      12%          78%         5
 Summon Ice Beast         Ice/Summ       10%          80%         4
 Petrify                  Tmut/Erth      9%           83%         4
 Cause Fear               Hex            4%           86%         4
 Olgreb's Toxic Radiance  Pois           8%           86%         4
 Summon Lightning Spire   Summ/Air       8%           86%         4
 Dispersal                Tloc           19%          90%         6
 Iskenderun's Battlesphe  Conj           17%          92%         5
 Agony                    Necr           14%          95%         5
 Excruciating Wounds      Necr           7%           95%         5
 Fireball                 Conj/Fire      6%           97%         5
 Irradiate                Conj/Tmut      6%           97%         5
 Bolt of Magma            Conj/Fire/Erth 5%           98%         5
 Borgnjor's Vile Clutch   Necr/Erth      5%           98%         5
 Metabolic Englaciation   Hex/Ice        5%           98%         5
 Alistair's Intoxication  Tmut/Pois      6%           99%         5
 Blade Hands              Tmut           4%           99%         5
 Lee's Rapid Deconstruct  Erth           4%           99%         5
 Silence                  Hex/Air        4%           99%         5
 Summon Demon             Summ           4%           99%         5
 Summon Mana Viper        Hex/Summ       8%           99%         5
 Yara's Violent Unravell  Hex/Tmut       4%           99%         5
 Conjure Ball Lightning   Conj/Air       6%           100%        6
 Death Channel            Necr           7%           100%        6
 Eringya's Noxious Bog    Tmut/Pois      4%           100%        6
 Freezing Cloud           Conj/Ice/Air   6%           100%        6
 Hydra Form               Tmut           4%           100%        6
 Invisibility             Hex            8%           100%        6
 Iron Shot                Conj/Erth      6%           100%        6
 Ozocubu's Refrigeration  Ice            6%           100%        6
 Shadow Creatures         Summ           N/A          100%        6
 Simulacrum               Ice/Necr       7%           100%        6
 Dragon Form              Tmut           4%           100%        7
 Haunt                    Necr/Summ      5%           100%        7
 Malign Gateway           Summ/Tloc      12%          100%        7
 Monstrous Menagerie      Summ           4%           100%        7
 Orb of Destruction       Conj           8%           100%        7
 Spellforged Servitor     Conj/Summ      6%           100%        7
 Summon Greater Demon     Summ           4%           100%        7
 Summon Hydra             Summ           4%           100%        7
 Borgnjor's Revivificati  Necr           7%           100%        8
 Discord                  Hex            4%           100%        8
 Infestation              Necr           7%           100%        8
 Necromutation            Tmut/Necr      6%           100%        8
 Summon Horrible Things   Summ           4%           100%        8
 Death's Door             Necr           7%           100%        9
 Tornado                  Air            4%           100%        9
 Sublimation of Blood     Necr           Unusable     N/A         2
 Statue Form              Tmut/Erth      Unusable     N/A         6

Dungeon Overview and Level Annotations

Branches:
Dungeon (15/15)            Temple (1/1) D:5            Lair (6/6) D:11
  Swamp (4/4) Lair:4        Snake (4/4) Lair:4        Slime (5/5) Lair:5
    Orc (2/2) D:9             Elf (3/3) Orc:2        Vaults (5/5) D:13
  Crypt (0/3) Vaults:3     Depths (5/5) D:15            Zot (5/5) Depths:5
 Bailey (visited)           IceCv (visited)         Volcano (visited)
 WizLab (visited)

Altars:
Ashenzari
Cheibriados
Dithmenos
Elyvilon
Fedhas
Gozag
Hepliaklqana
Kikubaaqudgha
Makhleb
Nemelex Xobeh
Okawaru
Qazlal
Ru
Sif Muna
Trog
Uskayaw
Vehumet
Wu Jian
Xom
Yredelemnul
Zin
The Shining One
Beogh
Jiyva

Shops:
D:5 *(   D:8 (   D:10 (   D:11 :   D:14 (   Orc:1 ((}[   Orc:2 ?(([=   Elf:3 ?
Snake:1 [   Snake:2 [   Snake:3 }   Vaults:1 *   Vaults:2 :   Depths:2 ?
Depths:4 :

Portals:
Hell: Depths:1 Depths:3 Depths:4 Depths:5
Abyss: Depths:2 Depths:4
Pandemonium: Depths:3 Depths:4 Depths:5
Ziggurat: Depths:1


Innate Abilities, Weirdness & Mutations

You are resistant to torment.
Your stone body is resilient. (AC +20)
You are immune to poison.
Your large and strong wings let you fly indefinitely.
You resist negative energy. (rN+)
You are resistant to electric shocks. (rElec)
You can survive without breathing.
You are immune to petrification.
You are immune to miasma.
You are mostly covered in icy blue scales. (AC +3)
You are partially covered in thin metallic scales. (AC +2)
You are agile. (Dex +2)
Your body sometimes deteriorates upon taking damage.
You are frail. (-10% HP)
You occasionally shout uncontrollably at your foes.


Message History

The rock shatters into small pieces.
You see here a short sword.
There is a stone staircase leading up here.
You fly upwards.
There is a stone staircase leading down here.
A shadow demon comes into view.
Aiming: Dig
Press: ? - help, Shift-Dir - straight line, f - you Please select a direction to dig.
This square is covered in magical glow.
The rock shatters into small pieces.
The shadow demon gestures.
The shadow demon gestures.
You block the bat's attack. You block the bat's attack.
You block the bat's attack. The bat completely misses you.
There is a staircase leading out of the dungeon here.
You block the bat's attack.
You have escaped!

.....##....# ###.###
.....##....###.....##
.....##.....#.#8≈8#.#
#######....#..#≈≈≈#.#
#....##.#8≈8#.#
#....##..≈≈≈#.#
#######.#.≈8#.#
##..b..## ##.@.##
#####


You could see a bat (summoned).

Vanquished Creatures
  the Royal Jelly (Slime:5)
  6 orbs of fire
  11 ancient liches
  Mara (Vaults:2)
  Vashnia (Snake:3)
  10 Killer Klowns
  The ghost of sm0rk the Slingshot, a veteran HaAr of Gozag (Zot:2)
  2 caustic shrikes
  The ghost of casual the Hoplite, a veteran MiMo of Hepliaklqana (Vaults:1)
  3 curse toes
  10 golden dragons
  Nikola (Snake:3)
  the Enchantress (Depths:2)
  2 bone dragons
  An iron giant (Zot:4)
  3 electric golems
  A pandemonium lord (D:13)
  23 Orb Guardians
  21 tentacled monstrosities
  6 quicksilver dragons
  6 titans
  7 liches
  3 deep elf blademasters
  A deep elf master archer (Elf:3)
  The ghost of Kare Xaoge the Bludgeoner, an adept DgTm (Vaults:3)
  20 acid blobs
  10 death cobs
  An eldritch tentacle (WizLab)
  5 tentacled starspawn
  11 shadow dragons
  A revenant (Vaults:3)
  5 sphinxes
  6 draconian monks
  7 fire giants
  The ghost of Lyniq the Alchemist, a journeyman DrTm of Wu Jian (D:15)
  12 storm dragons
  18 nagarajas
  A fenstrider witch (Swamp:2)
  11 azure jellies
  4 tengu reavers
  10 frost giants
  4 draconian knights
  An iron dragon (Vaults:5)
  12 vault wardens
  7 deep elf sorcerers
  Aizul (Snake:2)
  6 draconian scorchers
  4 ghost moths
  A cacodemon (WizLab)
  4 draconian shifters
  5 spriggan defenders
  5 deep elf elementalists
  16 ironheart preservers
  10 draconian stormcallers
  A curse skull (Vaults:1)
  2 draconian annihilators (Zot:2)
  26 very ugly things
  A reaper (Depths:5)
  14 stone giants
  5 war gargoyles
  10 green draconians
  12 vampire knights
  9 deep elf annihilators
  9 black draconians
  Azrael (Elf:2)
  2 deep elf demonologists
  6 yellow draconians
  10 white draconians
  2 dire elephants (Lair:6)
  8 purple draconians
  6 bunyips
  7 spark wasps
  2 eidola
  14 red draconians
  14 ettins
  12 fire dragons
  A merfolk impaler (Depths:2)
  A merfolk javelineer (Depths:2)
  3 eleionomae
  12 death oozes
  A shambling mangrove (Swamp:4)
  12 yaktaur captains
  9 deep elf death magi
  Josephine (D:13)
  14 naga warriors
  2 rakshasas
  33 vault guards
  6 ice dragons
  11 great orbs of eyes
  21 hydras
  7 boulder beetles
  7 deep elf high priests
  2 ghost crabs
  A spectral tengu (D:15)
  A caustic shrike simulacrum (D:15)
  Harold (Lair:1)
  7 centaur warriors
  A catoblepas (D:15)
  5 death knights
  31 two-headed ogres
  11 anacondas
  4 alligators
  6 spriggan air magi
  4 deep troll shamans
  7 deep troll earth magi
  12 ogre magi
  2 tengu warriors (Depths:1)
  7 spriggan berserkers
  3 shock serpents
  10 naga sharpshooters
  34 dancing weapons
  An orc high priest (Elf:2)
  10 thrashing horrors
  3 death yaks (Lair:6)
  39 deep elf knights
  7 soul eaters
  Urug (Lair:1)
  Nergalle (Orc:1)
  14 wretched stars
  A storm dragon zombie (Depths:1)
  4 shadow wraiths
  22 deep trolls
  3 goliath frogs
  5 salamander mystics
  2 sixfirhies (Abyss:3)
  A hell knight (Depths:2)
  23 skeletal warriors
  17 large abominations
  3 unseen horrors
  The ghost of Paulthewizard the Thaumaturge, a novice DEEE of Vehumet (D:8)
  A spatial maelstrom (Abyss:3)
  A torturous demonspawn (Depths:3)
  A death drake (WizLab)
  2 spark wasp zombies
  4 glowing orange brains
  2 shadow demons
  5 flayed ghosts
  2 spriggan druids (Swamp:2)
  7 naga ritualists
  A gelid demonspawn (Depths:3)
  An obsidian statue (WizLab)
  An orange crystal statue (Depths:1)
  5 bog bodies
  11 harpies
  2 lindwurms (Lair:6)
  7 necromancers
  11 swamp dragons (Swamp:4)
  An anaconda skeleton (Volcano)
  10 ironbrand convokers
  21 starcursed masses
  25 deep elf archers
  7 phantasmal warriors
  4 wizards
  10 orc knights
  A spectral deep troll (D:15)
  78 deep elf magi
  12 mana vipers
  A harpy (shapeshifter) (Depths:1)
  A frost giant zombie (D:15)
  A stone giant zombie (D:15)
  3 wolf spiders
  2 cyclopes
  2 manticores
  A moth of wrath (shapeshifter) (Vaults:5)
  42 ugly things
  3 orc sorcerers
  5 shining eyes
  2 will-o-the-wisps (Swamp:2)
  A worldbinder (Abyss:3)
  A shadow dragon skeleton (Vaults:3)
  24 moths of wrath
  A frost giant skeleton (Abyss:3)
  21 guardian serpents
  Maurice (Orc:1)
  13 salamanders
  A black mamba (shapeshifter) (D:15)
  13 elephants
  54 black mambas
  2 apocalypse crabs
  A water nymph (shapeshifter) (Vaults:5)
  A rust devil (Zot:4)
  15 vault sentinels
  A fire giant skeleton (Depths:3)
  4 orange demons
  An eye of devastation (Slime:5)
  21 naga magi
  4 ice statues
  Joseph (Lair:1)
  Maggie (D:6)
  Psyche (D:9)
  8 gargoyles
  A demonspawn skeleton (WizLab)
  A cane toad (shapeshifter) (Vaults:3)
  A yaktaur zombie (Depths:1)
  A torpor snail (shapeshifter) (Depths:2)
  A smoke demon (Abyss:3)
  12 cane toads
  5 rime drakes
  16 small abominations
  8 freezing wraiths
  53 yaktaurs
  3 hellions
  3 kobold demonologists
  18 komodo dragons
  11 ice devils
  2 spark wasp simulacra
  A demonic crawler (WizLab)
  5 guardian mummies (Zot:4)
  A tormentor (Depths:3)
  3 efreet
  A human skeleton (Vaults:3)
  4 bloated husks
  A jumping spider (shapeshifter) (Vaults:3)
  A red devil (WizLab)
  A yaktaur skeleton (Vaults:3)
  A tengu conjurer (D:13)
  8 trolls
  A queen bee (Abyss:3)
  7 ancient zymes
  9 hornets
  4 meliai (Abyss:3)
  8 tyrant leeches
  13 polar bears
  A wind drake (WizLab)
  A harpy skeleton (Volcano)
  112 slime creatures
  A raiju (shapeshifter) (Vaults:5)
  Prince Ribbit (Lair:2)
  A deep troll zombie (D:15)
  4 raiju
  A dream sheep (shapeshifter) (Vaults:4)
  44 blink frogs
  A spriggan zombie (D:15)
  2 dream sheep (Lair:6)
  A stone giant simulacrum (D:15)
  Sigmund (D:2)
  15 water elementals
  3 shadows
  2 flying skulls (Volcano)
  7 spriggans
  2 air elementals (Elf:1)
  An alligator skeleton (Volcano)
  5 basilisks
  A human (D:13)
  20 wraiths
  4 ynoxinuls
  81 yaks
  11 wyverns
  7 fire elementals
  9 golden eyes
  3 human simulacra
  A steam dragon (D:12)
  3 neqoxecs
  7 vampire mosquitoes
  2 chaos spawn
  40 nagas
  11 wargs
  4 spatial vortices
  12 swamp worms
  3 acid dragons
  19 hell hounds
  2 floating eyes
  6 ice beasts
  An eye of draining (shapeshifter) (Vaults:3)
  9 swamp drakes
  20 water moccasins
  40 orc warriors
  14 black bears
  An elf zombie (Vaults:3)
  3 sky beasts (D:12)
  4 phantoms
  A black bear (shapeshifter) (Vaults:3)
  An ettin simulacrum (Vaults:2)
  3 eyes of draining
  A tengu (shapeshifter) (Vaults:5)
  14 centaurs
  8 boggarts
  45 ogres
  38 wolves
  4 big kobolds
  21 bullfrogs
  5 earth elementals
  4 scorpions
  12 killer bees
  4 wights (D:9)
  2 spriggan skeletons
  3 electric eels
  A raiju skeleton (WizLab)
  A howler monkey (D:8)
  2 bullfrog zombies
  2 draconian simulacra (IceCv)
  6 quasits
  A gnoll shaman (D:7)
  10 hounds
  2 bullfrog skeletons
  7 jellies
  20 orc priests
  6 centaur skeletons
  9 iron imps
  An iguana (D:5)
  Natasha (twice) (D:2)
  20 orc wizards
  Ijyb (D:4)
  11 worker ants
  3 troll simulacra (IceCv)
  2 centaur simulacra (IceCv)
  A naga skeleton (Volcano)
  2 hound skeletons
  2 hound zombies
  A worker ant zombie (D:8)
  20 gnolls
  An ogre simulacrum (IceCv)
  17 adders
  2 naga simulacra (IceCv)
  6 shadow imps
  20 white imps
  10 ufetubi
  An ooze (D:4)
  2 adder zombies
  A worm (D:4)
  4 dart slugs
  9 leopard geckos
  114 orcs
  3 ball pythons (D:1)
  9 bats
  8 giant cockroaches
  7 hobgoblins
  36 kobolds
  9 quokkas
  7 frilled lizards
  16 goblins
  6 rats
  A butterfly (Lair:3)
  A crawling corpse (Elf:3)
  2 fire vortices
  2 lurking horrors
  2 starspawn tentacles (Abyss:3)
2775 creatures vanquished.

Vanquished Creatures (collateral kills)
  A komodo dragon (D:15)
1 creature vanquished.

Vanquished Creatures (others)
  A fire giant (Depths:4)
  A shadow wraith (Vaults:5)
  An unseen horror (shapeshifter) (Vaults:5)
  A harpy (shapeshifter) (Depths:4)
  A manticore (D:12)
  A naga mage (Snake:4)
  A black mamba (Snake:1)
  2 bloated husks
  A blink frog (WizLab)
  A flying skull (Volcano)
  A naga (Snake:4)
  A hell hound (Lair:6)
  An orc wizard (D:12)
  4 foxfires (Swamp:2)
  24 fungi
  36 plants
  13 starspawn tentacles
91 creatures vanquished.

Grand Total: 2867 creatures vanquished

Notes
Turn   | Place    | Note
-------+----------+-------------------------------------------
     0 | D:1      | Elvor the Gargoyle Warper began the quest for the Orb.
     0 | D:1      | Reached XP level 1. HP: 12/12 MP: 3/3
   335 | D:1      | You fall into a shaft and drop 1 floor!
   353 | D:2      | Reached XP level 2. HP: 14/18 MP: 5/5
   356 | D:2      | Learned a level 2 spell: Blink
   413 | D:1      | Reached skill level 1 in Throwing
   589 | D:1      | Reached XP level 3. HP: 16/22 MP: 6/6
  1137 | D:2      | Reached XP level 4. HP: 16/27 MP: 7/7
  1294 | D:2      | Noticed Sigmund
  1354 | D:2      | Noticed Natasha
  1370 | D:2      | Killed Natasha
  1371 | D:2      | Reached skill level 3 in Fighting
  1643 | D:2      | Noticed Natasha
  1648 | D:2      | Learned a level 3 spell: Teleport Other
  1654 | D:2      | Killed Natasha
  1655 | D:2      | Reached XP level 5. HP: 32/32 MP: 8/8
  2303 | D:3      | Found a faded altar of an unknown god.
  2621 | D:3      | Reached XP level 6. HP: 37/37 MP: 9/9
  3151 | D:2      | Killed Sigmund
  3152 | D:2      | Reached skill level 5 in Maces & Flails
  3152 | D:2      | Reached XP level 7. HP: 39/41 MP: 10/10
  3242 | D:4      | Found an ornate altar of the Wu Jian Council.
  3242 | D:4      | Found an ancient bone altar of Kikubaaqudgha.
  3601 | D:4      | Noticed Ijyb
  3702 | D:4      | Killed Ijyb
  3953 | D:4      | Reached XP level 8. HP: 35/48 MP: 11/11
  4021 | D:4      | Reached skill level 4 in Fighting
  4134 | D:5      | Entered Level 5 of the Dungeon
  4158 | D:5      | Found Hysoad's General Store.
  4169 | D:5      | Learned a level 1 spell: Pain
  4278 | D:5      | Found Myhaz's Weapon Boutique.
  4396 | D:5      | Found a staircase to the Ecumenical Temple.
  4415 | Temple   | Entered the Ecumenical Temple
  4506 | Temple   | Became a worshipper of Warmaster Okawaru
  4867 | D:5      | Got a coiled amber ring
  4868 | D:5      | Identified the ring of Twilight {Int+2 Dex+6 SInv} (You
                  | found it on level 5 of the Dungeon)
  4998 | D:6      | Found a hide-covered altar of Uskayaw.
  5095 | D:6      | Got an ichor-stained robe
  5114 | D:5      | Identified the +2 robe of Axapsoc {-Cast +Inv rF+++ Regen+}
                  | (You found it on level 6 of the Dungeon)
  5219 | D:5      | Reached skill level 1 in Shields
  5459 | D:6      | Noticed Maggie
  5466 | D:6      | Killed Maggie
  5466 | D:6      | Reached * piety under Okawaru
  5467 | D:6      | Reached XP level 9. HP: 39/52 MP: 13/13
  6106 | D:7      | Learned a level 1 spell: Freeze
  6118 | D:7      | Reached ** piety under Okawaru
  6407 | D:7      | Found a blossoming altar of Fedhas.
  7117 | D:8      | Found a runed translucent gate.
  7118 | D:8      | Found a runed translucent gate.
  7119 | D:8      | Found a runed translucent gate.
  7120 | D:8      | Noticed Paulthewizard's ghost (novice DEEE)
  7123 | D:8      | Found a viscous altar of Jiyva.
  7243 | D:8      | Found Fettost's Antique Weapon Boutique.
  7340 | D:8      | Found a bloodstained altar of Trog.
  7351 | D:8      | Got a masterwork leather armour
  7362 | D:8      | Identified the +3 leather armour of Tenacity {Str+2} (You
                  | found it on level 8 of the Dungeon)
  7367 | D:8      | Learned a level 4 spell: Passage of Golubria
  7541 | D:8      | Found a hazy altar of Hepliaklqana.
  7573 | D:8      | Reached skill level 5 in Throwing
  7660 | D:8      | Found a shimmering blue altar of Sif Muna.
  7745 | D:9      | Noticed Psyche
  7751 | D:9      | Killed Psyche
  7752 | D:9      | Reached skill level 5 in Fighting
  7752 | D:9      | Reached XP level 10. HP: 59/59 MP: 9/14
  7757 | D:9      | Reached *** piety under Okawaru
  7828 | D:9      | Reached skill level 10 in Maces & Flails
  8086 | D:9      | Found a roughly hewn altar of Beogh.
  8449 | D:9      | Found a staircase to the Orcish Mines.
  8601 | D:9      | Reached **** piety under Okawaru
  8646 | D:9      | Noticed a gargoyle
  8789 | D:9      | Reached skill level 1 in Evocations
  8891 | D:9      | Got a scorched flail
  8892 | D:9      | Identified the +8 flail of Yeast {freeze, Will+ Int+2
                  | Stlth+} (You found it on level 9 of the Dungeon)
  8955 | D:9      | Reached skill level 6 in Fighting
  8968 | D:9      | Found a burning altar of Makhleb.
  9251 | D:9      | Killed a gargoyle
  9264 | D:9      | Learned a level 1 spell: Apportation
  9321 | D:10     | Entered Level 10 of the Dungeon
  9343 | D:10     | Reached XP level 11. HP: 55/64 MP: 16/16
  9406 | D:10     | Noticed a two-headed ogre
  9411 | D:10     | Reached ***** piety under Okawaru
  9425 | D:10     | Killed a two-headed ogre
  9573 | D:10     | Received a gift from Okawaru
  9722 | D:10     | Found Ungaofah's Antique Weapon Shoppe.
  9803 | D:10     | Reached skill level 1 in Necromancy
 10364 | D:5      | Bought the +1 kite shield "Cuuc" {Will+ Regen+ Str+8} for
                  | 544 gold pieces
 10687 | D:8      | Killed Paulthewizard's ghost
 10688 | D:8      | Reached skill level 5 in Dodging
 11004 | D:11     | Noticed a two-headed ogre
 11074 | D:10     | Killed a two-headed ogre
 11180 | D:11     | Found a staircase to the Lair.
 11248 | D:11     | Found Xuemas's Book Emporium.
 11468 | D:11     | Noticed a cyclops
 11474 | D:11     | Killed a cyclops
 11475 | D:11     | Reached skill level 5 in Shields
 11632 | Lair:1   | Entered Level 1 of the Lair of Beasts
 11647 | D:11     | Reached XP level 12. HP: 67/71 MP: 16/18
 11700 | Lair:1   | Received a gift from Okawaru
 11827 | Lair:1   | Noticed Urug
 11847 | Lair:1   | Killed Urug
 12063 | Lair:1   | Noticed Joseph
 12073 | Lair:1   | Killed Joseph
 12073 | Lair:1   | Received a gift from Okawaru
 12074 | Lair:1   | Found the +8 mithril axe "Arga" {speed, Will+}
 12153 | Lair:1   | Noticed Harold
 12189 | Lair:1   | Killed Harold
 12234 | Lair:1   | Reached skill level 7 in Fighting
 13040 | Lair:2   | Noticed Prince Ribbit
 13050 | Lair:2   | Killed Prince Ribbit
 13062 | Lair:2   | Received a gift from Okawaru
 13063 | Lair:2   | Got a pair of brightly glowing boots {god gift}
 13126 | Lair:2   | Reached skill level 1 in Invocations
 13138 | Lair:2   | Reached XP level 13. HP: 48/76 MP: 12/19
 13291 | Lair:2   | Identified the +1 pair of boots of the Bells {Rampage
                  | Dex+5} (Okawaru gifted it to you on level 2 of the Lair of
                  | Beasts)
 13347 | Lair:3   | Learned a level 1 spell: Magic Dart
 13845 | Lair:3   | Reached skill level 8 in Fighting
 13909 | Lair:3   | Found a sacrificial altar of Ru.
 14017 | Lair:3   | Received a gift from Okawaru
 14194 | Lair:3   | Reached ****** piety under Okawaru
 14423 | Lair:4   | Found a dark tunnel.
 14432 | Volcano  | Entered a volcano
 14778 | Lair:4   | Gained mutation: Your large and strong wings let you fly
                  | indefinitely. [Gargoyle growth]
 14778 | Lair:4   | Reached XP level 14. HP: 84/84 MP: 20/20
 14853 | Lair:4   | Found a staircase to the Swamp.
 14881 | Lair:4   | Reached skill level 10 in Shields
 15194 | Lair:4   | Found a staircase to the Snake Pit.
 15493 | Lair:5   | Found a viscous altar of Jiyva.
 15495 | Lair:5   | Found a staircase to the Slime Pits.
 15601 | Lair:5   | Reached skill level 15 in Maces & Flails
 15676 | Lair:5   | Reached skill level 1 in Conjurations
 15802 | Lair:5   | Found a broken altar of Ashenzari.
 15968 | Lair:5   | Received a gift from Okawaru
 15969 | Lair:5   | Got a fine quarterstaff {god gift}
 16304 | Lair:5   | Identified the +11 quarterstaff of Equivalence {flame, rC+
                  | Str-4 Dex+6 Stlth+} (Okawaru gifted it to you on level 5 of
                  | the Lair of Beasts)
 16367 | Lair:6   | Entered Level 6 of the Lair of Beasts
 16637 | Lair:6   | Reached skill level 9 in Fighting
 16810 | Lair:6   | Received a gift from Okawaru
 16811 | Lair:6   | Got a slimy chain mail {god gift}
 17131 | Lair:6   | Reached XP level 15. HP: 91/91 MP: 21/21
 17191 | Lair:6   | Reached skill level 5 in Armour
 17703 | Lair:6   | Found the ring of the Hare {EV+8}
 17727 | Lair:6   | Got a polished chain mail
 17927 | Lair:6   | Identified the +7 chain mail of Xaojehu {-Tele +Fly rPois
                  | rC-} (Okawaru gifted it to you on level 6 of the Lair of
                  | Beasts)
 17937 | Lair:6   | Identified the +3 chain mail of Dishonour {*Corrode rPois
                  | rF+ Will+++ Regen+} (You found it on level 6 of the Lair of
                  | Beasts)
 18187 | Orc:1    | Entered Level 1 of the Orcish Mines
 18190 | Orc:1    | Found Ehiwawk's Gadget Shoppe.
 18366 | Orc:1    | Noticed Nergalle
 18412 | Orc:1    | Killed Nergalle
 18473 | Orc:1    | Found Sout's Antique Weapon Boutique.
 18564 | Orc:1    | Noticed Maurice
 18581 | Orc:1    | Killed Maurice
 18630 | Orc:1    | You are sucked into a shaft and drop 1 floor!
 18630 | Orc:2    | Entered Level 2 of the Orcish Mines
 18630 | Orc:2    | Found Dasta's Magic Scroll Emporium.
 18672 | Orc:2    | Received a gift from Okawaru
 18753 | Orc:1    | Found Geimp's Antique Armour Emporium.
 19093 | Orc:2    | Reached skill level 10 in Fighting
 19273 | Orc:2    | Found Ritahat's Weapon Shop.
 19273 | Orc:2    | Found Tisinetya's Weapon Shoppe.
 19276 | Orc:2    | Found Ifew's Armour Shoppe.
 19276 | Orc:2    | Found Zats's Jewellery Boutique.
 19427 | Orc:2    | Found a staircase to the Elven Halls.
 19454 | Orc:1    | Found Anesifo's Antique Weapon Shoppe.
 19622 | Orc:2    | Bought a scroll of identify for 22 gold pieces
 19622 | Orc:2    | Bought a scroll of blinking for 82 gold pieces
 19622 | Orc:2    | Bought a scroll of magic mapping for 38 gold pieces
 19622 | Orc:2    | Bought a scroll of teleportation for 33 gold pieces
 19622 | Orc:2    | Bought a scroll of teleportation for 33 gold pieces
 19622 | Orc:2    | Bought a scroll of identify for 22 gold pieces
 19622 | Orc:2    | Bought a scroll of identify for 22 gold pieces
 19622 | Orc:2    | Bought a scroll of identify for 22 gold pieces
 19622 | Orc:2    | Bought a scroll of identify for 22 gold pieces
 19652 | Orc:1    | Bought an iridescent morningstar for 198 gold pieces
 19705 | Orc:1    | Bought a spiked scale mail for 189 gold pieces
 19706 | Orc:1    | Identified the +7 morningstar of Proximity {elec, rPois
                  | Stlth+} (You bought it in a shop on level 1 of the Orcish
                  | Mines)
 19718 | Orc:1    | Identified the +4 scale mail of Calculation {Int+5 Dex+3}
                  | (You bought it in a shop on level 1 of the Orcish Mines)
 19807 | D:5      | Bought a potion of mutation for 112 gold pieces
 19807 | D:5      | Bought a potion of lignification for 42 gold pieces
 19807 | D:5      | Bought a potion of mutation for 112 gold pieces
 20229 | D:12     | Received a gift from Okawaru
 20230 | D:12     | Reached XP level 16. HP: 98/98 MP: 20/22
 20679 | D:13     | Noticed Josephine
 20691 | D:13     | Killed Josephine
 20808 | D:13     | Received a gift from Okawaru
 21100 | D:13     | Found a gate to the Vaults.
 21122 | D:13     | Reached skill level 11 in Fighting
 21854 | D:14     | Found a flagged portal.
 21863 | Bailey   | Entered a bailey
 21986 | Bailey   | Found an iron altar of Okawaru.
 22055 | D:14     | Reached skill level 1 in Stealth
 22116 | D:14     | Found Woenufy's Weapon Emporium.
 22463 | D:14     | Got a masterwork battleaxe
 22624 | D:14     | Received a gift from Okawaru
 22627 | D:14     | Identified the +4 battleaxe "Nuisay" {freeze, rElec rF- rN+
                  | Str+4} (You found it on level 14 of the Dungeon)
 22875 | D:15     | Entered Level 15 of the Dungeon
 23088 | D:15     | Found a frozen archway.
 23173 | IceCv    | Entered an ice cave
 23819 | D:15     | Received a gift from Okawaru
 23842 | D:15     | Reached skill level 12 in Fighting
 24122 | D:15     | Found a runed translucent gate.
 24123 | D:15     | Found a runed translucent gate.
 24124 | D:15     | Found a runed translucent gate.
 24125 | D:15     | Noticed Lyniq's ghost (journeyman DrTm)
 24171 | D:15     | Received a gift from Okawaru
 24393 | D:15     | Received a gift from Okawaru
 24394 | D:15     | Reached XP level 17. HP: 98/106 MP: 24/24
 24396 | D:15     | Found a staircase to the Depths.
 24490 | D:15     | Killed Lyniq's ghost
 25036 | Swamp:1  | Entered Level 1 of the Swamp
 25070 | Swamp:1  | Received a gift from Okawaru
 25152 | Swamp:1  | Got a bloodstained leather armour
 25168 | Swamp:1  | Identified the +1 leather armour of Dishonesty {rElec rC++}
                  | (You found it on level 1 of the Swamp)
 25280 | Swamp:1  | Noticed a tentacled monstrosity
 25298 | Swamp:1  | Killed a tentacled monstrosity
 25350 | Swamp:1  | Reached skill level 10 in Throwing
 25356 | Swamp:1  | Learned a level 2 spell: Passwall
 25464 | Swamp:1  | Received a gift from Okawaru
 25553 | Swamp:1  | Reached skill level 13 in Fighting
 25752 | Swamp:2  | Received a gift from Okawaru
 26134 | Swamp:2  | Received a gift from Okawaru
 26221 | Swamp:2  | Received a gift from Okawaru
 26481 | Swamp:3  | Found the +10 dark maul {vorpal}
 26519 | Swamp:3  | Received a gift from Okawaru
 27007 | Swamp:4  | Entered Level 4 of the Swamp
 27158 | Swamp:4  | Received a gift from Okawaru
 27533 | Swamp:4  | Reached skill level 14 in Fighting
 27542 | Swamp:4  | Reached skill level 15 in Shields
 27710 | Swamp:4  | Reached XP level 18. HP: 96/117 MP: 18/25
 27877 | Swamp:4  | Got a decaying rune of Zot
 28203 | Snake:1  | Entered Level 1 of the Snake Pit
 28509 | Snake:1  | Found Jeodefficu's Armour Boutique.
 28675 | Snake:1  | Reached skill level 15 in Fighting
 28684 | Snake:1  | Received a gift from Okawaru
 29162 | Snake:2  | Received a gift from Okawaru
 29163 | Snake:2  | Got ichor-stained steam dragon scales {god gift}
 29213 | Snake:1  | Identified the +3 steam dragon scales of Okawaru's Delight
                  | {rF+ Dex+5 SInv Stlth+} (Okawaru gifted it to you on level
                  | 2 of the Snake Pit)
 29586 | Snake:2  | Noticed Aizul
 29620 | Snake:2  | Killed Aizul
 29774 | Snake:2  | Reached skill level 16 in Fighting
 29867 | Snake:2  | Found Nemugg's Armour Shop.
 30048 | Snake:3  | Found Ohiuxam's Gadget Shop.
 30076 | Snake:3  | Reached skill level 10 in Dodging
 30196 | Snake:3  | Found a transporter.
 30227 | Snake:3  | Noticed Nikola
 30241 | Snake:3  | Killed Nikola
 30242 | Snake:3  | Reached skill level 17 in Fighting
 30260 | Snake:3  | Got a bloodstained quarterstaff
 30271 | Snake:3  | Identified the +8 quarterstaff "Qaho" {flame, rF- rC+
                  | Will+} (You found it on level 3 of the Snake Pit)
 30333 | Snake:3  | Noticed Vashnia
 30344 | Snake:3  | Reached XP level 19. HP: 126/128 MP: 19/26
 30362 | Snake:3  | Killed Vashnia
 30362 | Snake:3  | Received a gift from Okawaru
 30464 | Snake:4  | Entered Level 4 of the Snake Pit
 30532 | Snake:4  | Received a gift from Okawaru
 30706 | Snake:4  | Received a gift from Okawaru
 30999 | Snake:4  | Reached skill level 18 in Fighting
 31064 | Snake:3  | Found a transporter.
 31111 | Snake:3  | Gained mutation: Potions are less effective at restoring
                  | your health. [mutagenic glow]
 31127 | Snake:3  | Gained mutation: Your spells are a little easier to cast,
                  | but a little less powerful. [mutagenic glow]
 31143 | Snake:3  | Gained mutation: Your body sometimes deteriorates upon
                  | taking damage. [mutagenic glow]
 31155 | Snake:3  | Got a slimy granite ring
 31156 | Snake:3  | Identified the ring "Xaerid" {rPois Will+ Int+4} (You found
                  | it on level 3 of the Snake Pit)
 31157 | Snake:3  | Gained mutation: Your spells are easier to cast, but less
                  | powerful. [mutagenic glow]
 31182 | Snake:3  | Gained mutation: You tend to lose your temper in combat.
                  | [mutagenic glow]
 31601 | Snake:3  | Got a faintly glowing diamond amulet
 31625 | Snake:3  | Identified the amulet "Ogekeghu" {Reflect Slay+3 SH+5} (You
                  | found it on level 3 of the Snake Pit)
 31639 | Snake:3  | Lost mutation: Potions are less effective at restoring your
                  | health. [potion of mutation]
 31639 | Snake:3  | Lost mutation: Your spells are easier to cast, but less
                  | powerful. [potion of mutation]
 31639 | Snake:3  | Lost mutation: You tend to lose your temper in combat.
                  | [potion of mutation]
 31639 | Snake:3  | Lost mutation: Your body sometimes deteriorates upon taking
                  | damage. [potion of mutation]
 31639 | Snake:3  | Gained mutation: Your body sometimes deteriorates upon
                  | taking damage. [potion of mutation]
 31639 | Snake:3  | Gained mutation: Your mind is acute. (Int +2) [potion of
                  | mutation]
 31640 | Snake:3  | Lost mutation: Your spells are a little easier to cast, but
                  | a little less powerful. [potion of mutation]
 31640 | Snake:3  | Lost mutation: Your mind is acute. (Int +2) [potion of
                  | mutation]
 31640 | Snake:3  | Lost mutation: Your body sometimes deteriorates upon taking
                  | damage. [potion of mutation]
 31640 | Snake:3  | Gained mutation: Your body sometimes deteriorates upon
                  | taking damage. [potion of mutation]
 31640 | Snake:3  | Gained mutation: You are partially covered in slimy green
                  | scales. (AC +2) [potion of mutation]
 31640 | Snake:3  | Gained mutation: You are agile. (Dex +2) [potion of
                  | mutation]
 31640 | Snake:3  | Gained mutation: Your muscles are strong. (Str +2) [potion
                  | of mutation]
 31814 | D:11     | Lost mutation: Your muscles are strong. (Str +2) [potion of
                  | mutation]
 31814 | D:11     | Lost mutation: Your body sometimes deteriorates upon taking
                  | damage. [potion of mutation]
 31814 | D:11     | Gained mutation: Your movements are slightly less
                  | encumbered by armour. (ER -2) [potion of mutation]
 31814 | D:11     | Gained mutation: You have large cloven feet. [potion of
                  | mutation]
 31814 | D:11     | Gained mutation: You possess an exceptional clarity of
                  | mind. [potion of mutation]
 31970 | Snake:4  | Received a gift from Okawaru
 32282 | Snake:4  | Received a gift from Okawaru
 32331 | Snake:4  | Reached skill level 5 in Invocations
 32502 | Snake:4  | Received a gift from Okawaru
 32533 | Snake:4  | Reached skill level 19 in Fighting
 32552 | Snake:4  | Got a serpentine rune of Zot
 32889 | Vaults:1 | Entered Level 1 of the Vaults
 33068 | Vaults:1 | Reached XP level 20. HP: 136/139 MP: 27/27
 33366 | Vaults:1 | Received a gift from Okawaru
 33710 | Vaults:1 | Found a runed translucent gate.
 33710 | Vaults:1 | Found a runed translucent gate.
 33710 | Vaults:1 | Found a runed translucent gate.
 33711 | Vaults:1 | Noticed casual's ghost (veteran MiMo)
 33906 | Vaults:1 | Received a gift from Okawaru
 33915 | Vaults:1 | Reached skill level 10 in Armour
 33917 | Vaults:1 | Got a shimmering great mace {god gift}
 33962 | Vaults:1 | Found Zinok's General Store.
 33970 | Vaults:1 | Bought a scroll of identify for 24 gold pieces
 33970 | Vaults:1 | Bought a scroll of enchant weapon for 90 gold pieces
 34209 | Vaults:1 | Killed casual's ghost
 34221 | Vaults:1 | Identified the +8 great mace of Dust {freeze, Int+6}
                  | (Okawaru gifted it to you on level 1 of the Vaults)
 34483 | Vaults:2 | Reached skill level 20 in Fighting
 34487 | Vaults:2 | Received a gift from Okawaru
 34937 | Vaults:2 | Received a gift from Okawaru
 35010 | Vaults:2 | Received a gift from Okawaru
 35197 | Vaults:2 | Received a gift from Okawaru
 35261 | Vaults:2 | Received a gift from Okawaru
 35365 | Vaults:2 | Reached XP level 21. HP: 147/147 MP: 28/28
 35386 | Vaults:2 | Noticed Mara
 35392 | Vaults:2 | Noticed Elvor's illusion
 35411 | Vaults:2 | Noticed Elvor's illusion
 35413 | Vaults:2 | Killed Mara
 35429 | Vaults:2 | Found a snail-covered altar of Cheibriados.
 35561 | Vaults:2 | Identified the cursed +0 buckler "Kunopuo" {+Fly rElec
                  | Will+} (You found it on level 2 of the Vaults)
 35693 | Vaults:2 | Found Lompamp's Book Shop.
 36004 | Vaults:3 | Found a staircase to the Crypt.
 36270 | Vaults:3 | Received a gift from Okawaru
 36399 | Vaults:3 | Reached skill level 21 in Fighting
 36965 | Vaults:3 | Found a runed translucent door.
 36965 | Vaults:3 | Found a shimmering altar of Xom.
 36965 | Vaults:3 | Noticed Kare Xaoge's ghost (adept DgTm)
 36985 | Vaults:3 | Reached skill level 5 in Spellcasting
 37002 | Vaults:3 | Killed Kare Xaoge's ghost
 37042 | Vaults:4 | Reached skill level 5 in Stealth
 37975 | Vaults:4 | Got an encrusted short sword
 37976 | Vaults:4 | Identified the +2 short sword of the Shark {vorpal, *Contam
                  | rN+ Int+8} (You found it on level 4 of the Vaults)
 38259 | Vaults:5 | Entered Level 5 of the Vaults
 38297 | Vaults:4 | Received a gift from Okawaru
 38337 | Vaults:4 | Reached XP level 22. HP: 155/155 MP: 29/29
 39049 | Elf:1    | Entered Level 1 of the Elven Halls
 39671 | Elf:1    | Received a gift from Okawaru
 39672 | Elf:1    | Got a bloodstained hand axe {god gift}
 39776 | Elf:1    | Identified Pioc's Incunabulum of Creative Moulding
 39807 | Elf:1    | Found a runed translucent door.
 39807 | Elf:1    | Found a runed translucent door.
 39911 | Elf:1    | Reached skill level 22 in Fighting
 40304 | Elf:1    | Identified the +6 hand axe of Gallantry {chaos, rPois rC-
                  | Int-5 Dex+8} (Okawaru gifted it to you on level 1 of the
                  | Elven Halls)
 40613 | Elf:2    | Found a runed translucent gate.
 40614 | Elf:2    | Found a runed translucent gate.
 40634 | Elf:2    | Found a runed translucent gate.
 40828 | Elf:2    | Received a gift from Okawaru
 40836 | Elf:2    | Got a jewelled flail {god gift}
 41136 | Elf:2    | Noticed Azrael
 41156 | Elf:2    | Killed Azrael
 41554 | Elf:1    | Identified the +9 flail of Revolt {distort, *Drain rPois
                  | Int+4 SInv} (Okawaru gifted it to you on level 2 of the
                  | Elven Halls)
 41589 | Elf:3    | Entered Level 3 of the Elven Halls
 41607 | Elf:3    | Received a gift from Okawaru
 41821 | Elf:3    | Received a gift from Okawaru
 41883 | Elf:3    | Found Qozug's Magic Scroll Shoppe.
 41913 | Elf:3    | Reached XP level 23. HP: 152/153 MP: 30/30
 41921 | Elf:3    | Bought a scroll of enchant armour for 82 gold pieces
 41921 | Elf:3    | Bought a scroll of brand weapon for 220 gold pieces
 41921 | Elf:3    | Bought a scroll of teleportation for 33 gold pieces
 41921 | Elf:3    | Bought a scroll of brand weapon for 220 gold pieces
 41921 | Elf:3    | Bought a scroll of blinking for 82 gold pieces
 41921 | Elf:3    | Bought a scroll of enchant armour for 82 gold pieces
 41921 | Elf:3    | Bought 2 scrolls of blinking for 165 gold pieces
 41921 | Elf:3    | Bought a scroll of identify for 22 gold pieces
 41921 | Elf:3    | Bought a scroll of fog for 22 gold pieces
 41921 | Elf:3    | Bought a scroll of magic mapping for 38 gold pieces
 42106 | Elf:3    | Received a gift from Okawaru
 42137 | Elf:3    | Reached skill level 15 in Throwing
 42187 | Elf:3    | Received a gift from Okawaru
 42325 | Elf:3    | Found the +8 whip "Snakebite" {curare, rPois}
 42334 | Elf:3    | Identified the Disquisition on the Bewitching Snowflakes
 42337 | Elf:3    | Identified the Papyrus of the Crushed Violins
 42351 | Elf:3    | Got a pitted iron amulet
 42486 | Elf:3    | Identified the amulet of the Seer {Acrobat rN+} (You found
                  | it on level 3 of the Elven Halls)
 43224 | Elf:3    | Got a steaming leather armour
 43602 | D:11     | Identified the cursed +0 leather armour of Demons {rPois
                  | Str+3} (You found it on level 3 of the Elven Halls)
 44144 | Vaults:4 | Reached skill level 23 in Fighting
 44322 | Vaults:5 | Received a gift from Okawaru
 44682 | Vaults:5 | Identified the +6 bardiche "Cipieqim" {vorpal, +Rage rN+++
                  | Str-5 Int-4}
 44742 | Vaults:5 | Noticed a golden dragon
 44742 | Vaults:5 | Received a gift from Okawaru
 44757 | Vaults:5 | Killed a golden dragon
 44794 | Vaults:5 | Identified the +4 ice dragon scales "Coegogon" {+Inv rF-
                  | rC++ Int+4 SInv}
 44829 | Vaults:5 | Reached XP level 24. HP: 172/172 MP: 30/30
 44887 | Vaults:5 | Got a wavering tin ring
 44888 | Vaults:5 | Identified the ring of Werips {+Inv rN+ Str+2 SInv} (You
                  | found it on level 5 of the Vaults)
 45239 | Vaults:4 | Received a gift from Okawaru
 45389 | Vaults:5 | Identified the Volume of Changing and Clay
 45395 | Vaults:5 | Identified the Papyrus of Mutagenic Ice
 45403 | Vaults:5 | Got a silver rune of Zot
 45950 | Vaults:5 | Identified the +3 troll leather armour of Anarchy {rPois
                  | rC+ Regen+}
 46094 | Vaults:5 | Identified the +5 trident of Untruth {protect, rC+ Str+4
                  | Stlth+}
 46582 | Vaults:5 | Got a dazzling demon trident
 46848 | Vaults:5 | Identified the cursed +0 demon trident "Ogreslayer"
                  | {vorpal, rElec rC- Str+8 Int+5} (You found it on level 5 of
                  | the Vaults)
 47223 | Depths:1 | Entered Level 1 of the Depths
 47235 | Depths:1 | Received a gift from Okawaru
 47286 | Depths:1 | Received a gift from Okawaru
 47390 | Depths:1 | Found a gateway to Hell.
 47527 | Depths:1 | Noticed an ancient lich
 47541 | Depths:1 | Killed an ancient lich
 47612 | Depths:1 | Reached skill level 24 in Fighting
 47670 | Depths:1 | Identified the Compendium of Necromancy
 47810 | Depths:1 | Reached skill level 5 in Evocations
 47952 | Depths:1 | Got a pair of fading gloves
 47992 | Depths:1 | Identified the +2 pair of gloves "Ovvyrcheu" {rElec rF+}
                  | (You found it on level 1 of the Depths)
 48004 | Depths:1 | Identified a +2 pair of boots of running (You found it on
                  | level 1 of the Depths)
 48017 | Depths:1 | Found a gateway to a ziggurat.
 48209 | Depths:1 | 1
 48303 | Depths:2 | Noticed the Enchantress
 48331 | Depths:2 | Killed the Enchantress
 48331 | Depths:2 | Received a gift from Okawaru
 48372 | Depths:2 | Found Adiroam's Magic Scroll Shoppe.
 48380 | Depths:2 | Bought a scroll of identify for 34 gold pieces
 48380 | Depths:2 | Bought a scroll of teleportation for 51 gold pieces
 48380 | Depths:2 | Bought a scroll of identify for 34 gold pieces
 48380 | Depths:2 | Bought a scroll of fog for 34 gold pieces
 48380 | Depths:2 | Bought a scroll of identify for 34 gold pieces
 48380 | Depths:2 | Bought a scroll of magic mapping for 59 gold pieces
 48380 | Depths:2 | Bought a scroll of fear for 59 gold pieces
 48380 | Depths:2 | Bought a scroll of fear for 59 gold pieces
 48380 | Depths:2 | Bought a scroll of teleportation for 51 gold pieces
 48380 | Depths:2 | Bought a scroll of identify for 34 gold pieces
 48380 | Depths:2 | Bought a scroll of identify for 34 gold pieces
 48419 | Depths:2 | Received a gift from Okawaru
 48420 | Depths:2 | Got an ichor-stained robe {god gift}
 48431 | Depths:2 | Reached XP level 25. HP: 175/180 MP: 30/30
 48431 | Depths:2 | Identified the +0 robe of Mezcal {Rampage Str+2 Stlth-}
                  | (Okawaru gifted it to you on level 2 of the Depths)
 48890 | Depths:2 | Found a one-way gate to the infinite horrors of the Abyss.
 49280 | Depths:3 | Found a magical portal.
 49285 | WizLab   | Entered The Roulette of Golubria
 49285 | WizLab   | Found a transporter.
 49354 | WizLab   | Found a corrupted altar of Lugonu.
 49362 | WizLab   | Found a corrupted altar of Lugonu.
 49368 | WizLab   | Found a transporter.
 49389 | WizLab   | Found a transporter.
 49400 | WizLab   | Found a transporter.
 49428 | WizLab   | Found a transporter.
 49453 | WizLab   | Found a transporter.
 49453 | WizLab   | Found a transporter.
 49576 | WizLab   | Found a transporter.
 49603 | WizLab   | Found a transporter.
 49624 | WizLab   | Found a transporter.
 49732 | WizLab   | Found a transporter.
 49758 | WizLab   | Found a transporter.
 49758 | WizLab   | Found a transporter.
 49785 | WizLab   | Identified Golubria's Compendium of the Traveller
 49791 | WizLab   | Learned a level 3 spell: Portal Projectile
 49847 | WizLab   | Identified Golubria's Almanac of the Compass
 49867 | WizLab   | Got a fine cloak
 49874 | WizLab   | Got an encrusted cloak
 49880 | WizLab   | Identified the +2 cloak "Gikhlukk" {+Blink Dex+3} (You
                  | found it in a wizard's laboratory)
 49881 | WizLab   | Identified the cursed +0 cloak of Pride {Rampage Str+3
                  | SInv} (You found it in a wizard's laboratory)
 49913 | WizLab   | Found a transporter.
 49964 | WizLab   | Found a transporter.
 49964 | WizLab   | Found a transporter.
 49988 | WizLab   | Found a transporter.
 49988 | WizLab   | Found a transporter.
 49993 | WizLab   | Received a gift from Okawaru
 50084 | WizLab   | Found a transporter.
 50084 | WizLab   | Found a transporter.
 50221 | Depths:3 | Reached skill level 25 in Fighting
 50225 | Depths:3 | Received a gift from Okawaru
 50359 | Depths:3 | Found a one-way gate leading to the halls of Pandemonium.
 50916 | Depths:4 | Found Koajym's Book Emporium.
 51225 | Depths:4 | Received a gift from Okawaru
 51287 | Depths:4 | Received a gift from Okawaru
 51604 | Depths:4 | Reached XP level 26. HP: 138/188 MP: 30/30
 51611 | Depths:4 | Identified the +8 hand axe of Xezit {venom, rF+ rN+ Will+
                  | Dex+2} (You found it on level 4 of the Depths)
 51700 | Depths:4 | Identified the amulet of the Ego {Reflect rElec Str+4 SH+5}
                  | (You found it on level 4 of the Depths)
 52073 | Depths:5 | Entered Level 5 of the Depths
 52096 | Depths:5 | Received a gift from Okawaru
 52381 | Depths:5 | Received a gift from Okawaru
 53039 | Depths:5 | Found a gate to the Realm of Zot.
 53113 | Depths:5 | Got an encrusted long sword
 53323 | D:11     | Identified the cursed +1 long sword "Mefom" {drain, *Noise
                  | rN+ SInv} (You found it on level 5 of the Depths)
 53921 | Depths:2 | Voluntarily entered the Abyss.
 53921 | Abyss:1  | Found a corrupted altar of Lugonu.
 54238 | Abyss:1  | Reached skill level 26 in Fighting
 54375 | Abyss:2  | Found a corrupted altar of Lugonu.
 54952 | Abyss:3  | Gained mutation: You do not regenerate when monsters are
                  | visible. [a neqoxec]
 54971 | Abyss:3  | Reached XP level 27. HP: 196/196 MP: 31/31
 55335 | Abyss:3  | Received a gift from Okawaru
 55450 | Abyss:3  | Got an abyssal rune of Zot
 55482 | Abyss:3  | Received a gift from Okawaru
 55489 | Depths:2 | Escaped the Abyss
 55842 | Slime:1  | Entered Level 1 of the Pits of Slime
 56033 | Slime:3  | Gained mutation: Your body sometimes deteriorates upon
                  | taking damage. [a shining eye]
 56204 | D:11     | Lost mutation: You possess an exceptional clarity of mind.
                  | [potion of mutation]
 56204 | D:11     | Lost mutation: You have large cloven feet. [potion of
                  | mutation]
 56204 | D:11     | Gained mutation: You have a pair of small horns on your
                  | head. [potion of mutation]
 56204 | D:11     | Gained mutation: You are frail. (-10% HP) [potion of
                  | mutation]
 56204 | D:11     | Lost mutation: You are frail. (-10% HP) [potion of
                  | mutation]
 56204 | D:11     | Gained mutation: You possess an exceptional clarity of
                  | mind. [potion of mutation]
 56205 | D:11     | Lost mutation: You possess an exceptional clarity of mind.
                  | [potion of mutation]
 56205 | D:11     | Lost mutation: Your body sometimes deteriorates upon taking
                  | damage. [potion of mutation]
 56205 | D:11     | Lost mutation: You are agile. (Dex +2) [potion of mutation]
 56205 | D:11     | Lost mutation: Your movements are slightly less encumbered
                  | by armour. (ER -2) [potion of mutation]
 56205 | D:11     | Gained mutation: You are dopey. (Int -2) [potion of
                  | mutation]
 56205 | D:11     | Lost mutation: You are dopey. (Int -2) [potion of mutation]
 56205 | D:11     | Gained mutation: You are agile. (Dex +2) [potion of
                  | mutation]
 56206 | D:11     | Lost mutation: You are agile. (Dex +2) [potion of mutation]
 56206 | D:11     | Lost mutation: You do not regenerate when monsters are
                  | visible. [potion of mutation]
 56206 | D:11     | Lost mutation: You have a pair of small horns on your head.
                  | [potion of mutation]
 56206 | D:11     | Gained mutation: Armour fits poorly on your strangely
                  | shaped body. [potion of mutation]
 56206 | D:11     | Gained mutation: You have sharp toenails. [potion of
                  | mutation]
 56206 | D:11     | Gained mutation: You have supernaturally acute eyesight.
                  | (SInv) [potion of mutation]
 56207 | D:11     | Lost mutation: You have sharp toenails. [potion of
                  | mutation]
 56207 | D:11     | Lost mutation: Armour fits poorly on your strangely shaped
                  | body. [potion of mutation]
 56207 | D:11     | Gained mutation: Your muscles are strong. (Str +2) [potion
                  | of mutation]
 56207 | D:11     | Gained mutation: Armour fits poorly on your strangely
                  | shaped body. [potion of mutation]
 56207 | D:11     | Gained mutation: You are partially covered in icy blue
                  | scales. (AC +2) [potion of mutation]
 56207 | D:11     | Gained mutation: You are mostly covered in icy blue scales.
                  | (AC +3) [potion of mutation]
 56416 | Slime:4  | Gained mutation: You are frail. (-10% HP) [a shining eye]
 56417 | Slime:4  | Gained mutation: Your magical capacity is low. (-10% MP) [a
                  | shining eye]
 56417 | Slime:4  | Lost mutation: You have supernaturally acute eyesight.
                  | (SInv) [a shining eye]
 56417 | Slime:4  | Gained mutation: Your flesh is heat resistant. (rF+) [a
                  | shining eye]
 56419 | Slime:4  | Gained mutation: You occasionally shout uncontrollably at
                  | your foes. [a shining eye]
 56432 | Slime:4  | Gained mutation: Your spells are a little easier to cast,
                  | but a little less powerful. [a shining eye]
 56591 | Slime:5  | Entered Level 5 of the Pits of Slime
 56752 | Slime:5  | Noticed the Royal Jelly
 57072 | Slime:5  | Killed the Royal Jelly
 57073 | Slime:5  | Reached skill level 5 in Translocations
 57359 | Slime:5  | HP: 8/177 [acid (15)]
 57365 | Slime:5  | HP: 5/177 [acid (15)]
 57639 | Slime:5  | Found the +5 sword of Power {vorpal}
 57655 | Slime:5  | Got a slimy rune of Zot
 57672 | Slime:5  | Got an encrusted cloak
 57685 | Slime:5  | Got a citrine-encrusted chain mail
 57718 | Slime:5  | Identified the Papyrus of Fiery Venom
 57763 | Slime:5  | Identified the Papyrus of Calling and Dark Arts
 57782 | Slime:5  | Identified the cursed -1 cloak of the Special Tales {rF+
                  | rN+ Dex+3} (You found it on level 5 of the Pits of Slime)
 57783 | Slime:5  | Identified the +4 chain mail of Xom's Castigation {rN+
                  | Dex+4} (You found it on level 5 of the Pits of Slime)
 57787 | Slime:5  | Got a steaming falchion
 57788 | Slime:5  | Identified the +8 falchion of Butturya {vorpal, rElec MP+9
                  | Str+2 Dex+3} (You found it on level 5 of the Pits of Slime)
 57797 | Slime:5  | Got a pitted long sword
 57798 | Slime:5  | Identified the cursed +3 long sword "Queheryu" {venom,
                  | rElec Will+ Dex-5} (You found it on level 5 of the Pits of
                  | Slime)
 58004 | D:11     | Lost mutation: Your muscles are strong. (Str +2) [potion of
                  | mutation]
 58004 | D:11     | Lost mutation: You are partially covered in slimy green
                  | scales. (AC +2) [potion of mutation]
 58004 | D:11     | Gained mutation: You possess an exceptional clarity of
                  | mind. [potion of mutation]
 58004 | D:11     | Gained mutation: You are very frail. (-20% HP) [potion of
                  | mutation]
 58004 | D:11     | Gained mutation: You are partially covered in thin metallic
                  | scales. (AC +2) [potion of mutation]
 58177 | Zot:1    | Entered Level 1 of the Realm of Zot
 58233 | Zot:1    | Lost mutation: Your spells are a little easier to cast, but
                  | a little less powerful. [potion of mutation]
 58233 | Zot:1    | Lost mutation: You possess an exceptional clarity of mind.
                  | [potion of mutation]
 58233 | Zot:1    | Gained mutation: You are dopey. (Int -2) [potion of
                  | mutation]
 58233 | Zot:1    | Lost mutation: You are very frail. (-20% HP) [potion of
                  | mutation]
 58383 | Zot:1    | Received a gift from Okawaru
 58404 | Zot:1    | Reached skill level 27 in Fighting
 58489 | Zot:1    | Got a black opal-studded scale mail {god gift}
 58507 | Zot:1    | Identified the +3 scale mail of a Labyrinth {Harm rN+ Will+
                  | Str-4} (Okawaru gifted it to you on level 1 of the Realm of
                  | Zot)
 58652 | Zot:1    | Got a smouldering great mace
 59253 | Zot:2    | Noticed sm0rk's ghost (veteran HaAr)
 59627 | Zot:2    | Found a transporter.
 59680 | Zot:2    | Noticed an ancient lich
 59695 | Zot:2    | Found a runed translucent gate.
 59696 | Zot:2    | Found a runed translucent gate.
 59696 | Zot:2    | Found a runed translucent gate.
 60286 | Zot:2    | Found a transporter.
 60310 | Zot:2    | Killed an ancient lich
 60444 | Zot:2    | Received a gift from Okawaru
 60558 | Zot:2    | Got a flickering platinum amulet
 60607 | Zot:2    | Got a steaming hat
 60619 | Zot:2    | Identified the cursed +1 great mace "Ytzo" {holy, Stlth+}
                  | (You found it on level 1 of the Realm of Zot)
 60637 | Zot:2    | Identified the cursed +0 hat of Xuyfoj {rF- Str+6 Int+7}
                  | (You found it on level 2 of the Realm of Zot)
 60758 | Zot:2    | Killed sm0rk's ghost
 60851 | Zot:3    | Received a gift from Okawaru
 61113 | Zot:3    | Got a pair of pitted gloves {god gift}
 61141 | Zot:2    | Identified the +0 pair of gloves of Magic {Will+ rCorr}
                  | (Okawaru gifted it to you on level 3 of the Realm of Zot)
 61151 | Zot:2    | Lost mutation: Armour fits poorly on your strangely shaped
                  | body. [potion of mutation]
 61151 | Zot:2    | Lost mutation: Your flesh is heat resistant. (rF+) [potion
                  | of mutation]
 61151 | Zot:2    | Lost mutation: Your magical capacity is low. (-10% MP)
                  | [potion of mutation]
 61151 | Zot:2    | Lost mutation: You are dopey. (Int -2) [potion of mutation]
 61151 | Zot:2    | Gained mutation: You are agile. (Dex +2) [potion of
                  | mutation]
 61151 | Zot:2    | Gained mutation: You have supernaturally acute eyesight.
                  | (SInv) [potion of mutation]
 62064 | Zot:4    | Found a large runed translucent door.
 62064 | Zot:4    | Found a large runed translucent door.
 62065 | Zot:4    | Found a large runed translucent door.
 62065 | Zot:4    | Found a large runed translucent door.
 62065 | Zot:4    | Found a shimmering altar of Xom.
 62066 | Zot:4    | Found a large runed translucent door.
 62067 | Zot:4    | Found a large runed translucent door.
 62067 | Zot:4    | Identified the cursed +1 robe of Xyrerorr {Stlth+}
 62068 | Zot:4    | Identified the +2 chain mail "Vyhao" {Harm Dex+9 Stlth+}
 62114 | Zot:4    | Identified the +6 dire flail "Bioravo" {holy, rElec Will+}
 62134 | Zot:4    | Found a large runed translucent door.
 62134 | Zot:4    | Found a large runed translucent door.
 62289 | Zot:4    | Noticed an orb of fire
 62335 | Zot:4    | Killed an orb of fire
 62459 | Zot:4    | Received a gift from Okawaru
 62460 | Zot:4    | Got an ichor-stained plate armour {god gift}
 62590 | Zot:4    | Identified the cursed +1 arbalest "Zofam" {penet, rC- Int+4
                  | Stlth+}
 62803 | Zot:5    | Entered Level 5 of the Realm of Zot
 63222 | Zot:5    | Noticed an ancient lich
 63250 | Zot:5    | Noticed an orb of fire
 63250 | Zot:5    | Noticed an ancient lich
 63256 | Zot:5    | Killed an orb of fire
 63256 | Zot:5    | Noticed an ancient lich
 63259 | Zot:5    | Noticed an ancient lich
 63266 | Zot:5    | Noticed an ancient lich
 63271 | Zot:5    | Killed an ancient lich
 63278 | Zot:5    | Noticed an ancient lich
 63279 | Zot:5    | Killed an ancient lich
 63284 | Zot:5    | Killed an ancient lich
 63286 | Zot:5    | Received a gift from Okawaru
 63291 | Zot:5    | Killed an ancient lich
 63299 | Zot:5    | Reached skill level 10 in Invocations
 63303 | Zot:5    | Killed an ancient lich
 63322 | Zot:5    | Killed an ancient lich
 63328 | Zot:5    | Noticed an orb of fire
 63336 | Zot:5    | Killed an orb of fire
 63489 | Zot:5    | Noticed an ancient lich
 63503 | Zot:5    | Killed an ancient lich
 63516 | Zot:5    | Noticed an orb of fire
 63518 | Zot:5    | Lost mutation: You have supernaturally acute eyesight.
                  | (SInv) [an orb of fire]
 63525 | Zot:5    | Killed an orb of fire
 63530 | Zot:5    | Reached skill level 15 in Armour
 63552 | Zot:5    | Noticed an orb of fire
 63558 | Zot:5    | Gained mutation: Your body sometimes deteriorates upon
                  | taking damage. [an orb of fire]
 63559 | Zot:5    | Killed an orb of fire
 63562 | Zot:5    | Noticed an ancient lich
 63565 | Zot:5    | Noticed an ancient lich
 63568 | Zot:5    | Killed an ancient lich
 63573 | Zot:5    | Killed an ancient lich
 63573 | Zot:5    | Received a gift from Okawaru
 63576 | Zot:5    | Received a gift from Okawaru
 63576 | Zot:5    | Noticed an orb of fire
 63587 | Zot:5    | Killed an orb of fire
 63588 | Zot:5    | Got a heavily runed helmet {god gift}
 63591 | Zot:5    | Identified the amulet "Impohon" {Acrobat +Blink rF- Int+2}
                  | (You found it on level 2 of the Realm of Zot)
 63602 | Zot:5    | Identified the +0 helmet "Fischae" {rCorr Slay+2} (Okawaru
                  | gifted it to you on level 5 of the Realm of Zot)
 63612 | Zot:5    | Identified the +1 plate armour of Miracles {MP+9 Str+2
                  | Dex+3 Stlth-} (Okawaru gifted it to you on level 4 of the
                  | Realm of Zot)
 63715 | Zot:5    | Got the Orb of Zot
 64020 | D:13     | Noticed Ylueg the pandemonium lord
 64027 | D:13     | Killed Ylueg the pandemonium lord
 64274 | D:$      | Escaped with the Orb!

Illustrated notes

##### #.....#####...
####### ####
###########
#≈§§≈≈≈§≈§§
###§≈≈≈§≈≈≈≈≈
#####≈≈≈≈§≈≈≈≈≈≈§
####≈≈≈§≈≈≈≈≈§≈§≈≈≈≈
#≈≈@§§§≈≈≈≈≈≈§≈≈≈≈≈≈
###§§§§≈§≈§≈≈§≈≈≈≈≈§
##§§≈≈§≈§§≈≈≈≈≈≈≈≈
###≈≈≈§≈≈≈≈§≈≈§§≈
##≈≈≈§≈≈≈≈≈≈≈§≈
###≈§≈≈≈≈≈≈§§§
#####≈≈§≈≈§§
#≈≈§§≈§§ ########


Turn 48209 on Depths:1: 1

Levels and vault maps discovered:
D:1:      lightli_arrival_statue_moat, layout_basic
D:2:      layout_loops_ring, fountainhead, dk_noncrumbling_2, uniq_natasha,
          uniq_sigmund
D:3:      layout_loops_ring, chequers_ecumenical_altar_grove
D:4:      kennysheep_the_goblin_king, layout_basic,
          amethyst_overflow_temple_binary, serial_park_tiny_2, st_stairs_5
D:5:      layout_cave_pools, minmay_temple_entry_sparse_star, serial_shops,
          shop, shop_fountains
D:6:      layout_cave_pools, general_overflow_altar, uniq_maggie
D:7:      layout_loops_ring, fedhas_bush_and_centaur_altar
D:8:      layout_basic, lemuel_blue_sif_altar, marbit_many_paths,
          gammafunk_ghost_ooze, serial_shops, nicolae_shop_crystal, basic_altar,
          kennysheep_big_empty_room
D:9:      layout_gridville, kennysheep_mini, david_orc_5,
          onia_ninara_dug_in_and_dangerous, uniq_psyche
D:10:     layout_irregular_city, serial_shops, shop,
          chequers_serial_rivers_micro_b
D:11:     layout_irregular_city, erik_lair_island, serial_shops, shop
D:12:     layout_rooms, kennysheep_small_circle
D:13:     layout_stronghold, grunt_vaults_entry_fortified, dk_noncrumbling_3,
          uniq_josephine
D:14:     statuecave_lemuel, layout_basic, serial_shops, shop,
          hangedman_decor_cross_pass, enter_bailey_8
D:15:     grunt_enter_depths_hoard, layout_stronghold,
          portal_ice_cave_entry_imps, grunt_decor_resistance,
          gammafunk_ghost_necromancy
Temple:   regret_index_temple_generic_petals
Lair:1:   layout_small_grid, chequers_serial_rivers_micro_c, uniq_urug,
          uniq_joseph, uniq_harold
Lair:2:   layout_regular_city, beast_lair_carwin_7, uniq_prince_ribbit2
Lair:3:   nzn_winding_woodlands_three_and_one
          [nzn_winding_woodlands_5x15_lazy_stream,
          nzn_winding_woodlands_5x15_sawtooth, nzn_winding_woodlands_5x15_twine,
          nzn_winding_woodlands_center_pierced_h], layout_gridlike,
          lemuel_centaur_altar, lemuel_fruit_fields, serial_bayou_shore_a
Lair:4:   layout_regular_city, swamp_mist, minmay_snake_entry_spellcaster,
          lightli_volcano_entry_magma_tube, chequers_serial_rivers_room_a
Lair:5:   layout_cave_pods, slime_altar_1, basic_altar, lemuel_fruit_fields
Lair:6:   hangedman_lair_caniforms_friends, layout_regular_city,
          hangedman_lair_in_review
Swamp:1:  layout_basic_swamp, nicolae_swamp_orc_logging_accident, swamp_pool2,
          hangedman_swamp_blocks, nicolae_swamp_hydra_murder_den
Swamp:2:  layout_falls_marsh, evilmike_swamp_ruin_house_1
Swamp:3:  layout_falls_marsh, evilmike_swamp_ruin_wall
Swamp:4:  swamp_basic_johnstein, layout_basic_swamp, swamp_pool1,
          nicolae_swamp_round_clearing
Snake:1:  layout_cave_shapes, serial_shops, shop,
          nrook_guardian_serpent_ordinary
Snake:2:  layout_misc_corridors, minmay_shop_star, grunt_megastairs_3,
          uniq_aizul
Snake:3:  gammafunk_its_a_trap, layout_rooms, serial_shops,
          nicolae_shop_window_shopping, grunt_ministairs_1, uniq_vashnia,
          uniq_nikola
Snake:4:  snake_hunt, layout_cave_town, st_stairs_14, nicolae_snake_squiggles,
          hangedman_snake_corridor_split
Slime:1:  layout_caves
Slime:2:  layout_caves
Slime:3:  layout_caves
Slime:4:  layout_caves
Slime:5
Orc:1:    layout_caves, serial_shops, shop, shop, shop,
          nicolae_shop_statue_plus, uniq_nergalle, uniq_maurice
Orc:2:    st_orc_ogre_mass, layout_diamond_mine, serial_shops,
          nicolae_shop_waterfront
Elf:1:    minmay_the_grid_triangle_9x9_rhombus_full_mashed
          [minmay_the_grid_triangle_9x9_tough_junction,
          minmay_the_grid_triangle_9x9_impossible_snake,
          minmay_the_grid_triangle_9x9_flanged_cone,
          minmay_the_grid_triangle_9x9_sparse_checkered,
          minmay_the_grid_triangle_9x9_dagger,
          minmay_the_grid_triangle_9x9_sprig,
          minmay_the_grid_triangle_9x9_zippers_horizontal,
          minmay_the_grid_triangle_9x9_prize_insulated], layout_loops_corners,
          hangedman_elven_crosses_minicolossus
Elf:2:    layout_loops_corners, uniq_azrael
Elf:3:    minmay_elf_hall_dome, layout_gridlike, serial_shops, shop_statue
Vaults:1: gammafunk_vaults_ghost_spectres, ontoclasm_vaults_gallery,
          ontoclasm_vaults_ring_small, nicolae_vaults_network_quinsquares
          [nicolae_vaults_network_quincunx_subvault,
          nicolae_vaults_network_quincunx_subvault,
          nicolae_vaults_network_quincunx_subvault,
          nicolae_vaults_network_quincunx_subvault], v_misc_4,
          hangedman_vaults_stretched_pinwheel, vaults_dpeg_encased_lava,
          hangedman_vaults_river_flow, v_rooms_5, v_misc_14,
          hangedman_vaults_slice, ontoclasm_vaults_ring_small,
          layout_vaults_maze_snakey, serial_shops, shop
Vaults:2: vaults_room_fancy_cross, v_misc_26, st_spiral_rooms,
          ontoclasm_vaults_ligature, v_misc_26, hangedman_vaults_trim,
          hangedman_vaults_stream, ontoclasm_vaults_chip, v_pattern_1,
          ontoclasm_vaults_misaligned, nicolae_vaults_little_squares_6,
          ontoclasm_vaults_shuriken, vaults_room_grid, layout_vaults_big_cross,
          basic_altar, serial_shops, nicolae_shop_waterfront, uniq_mara
Vaults:3: ebering_vaults_ghost_xom, vaults_room_corners,
          nicolae_vaults_little_squares_2, nicolae_vaults_sealed_display,
          ontoclasm_vaults_loading_screen, ontoclasm_vaults_gateway,
          minmay_crypt_entry_simple_box, nicolae_vaults_alarming,
          layout_vaults_chaotic_city
Vaults:4: grunt_vaults_bifocal, nicolae_vaults_network_square,
          ontoclasm_vaults_idyll, vaults_standard_mumra_lines, v_misc_18,
          vaults_room_semicircle, layout_vaults_omnigrid
Vaults:5: serial_shops
Depths:1: layout_basic, enter_ziggurat_d, hell_entry, special_room
          [special_room_morgue], columned_hall_lemuel, corexii_corridor_pit,
          nicolae_lava_and_water, minmay_misc_feat_x, st_stairs_10,
          minivault_15, minmay_crystal_room, minmay_strange_pillars
Depths:2: wad_courtyard, layout_gridville, abyss_entry, hell_entry,
          amcnicky_mini_rare_corridor_liquid, serial_shops, shop,
          infiniplex_staircase_zigzag_4, firewood_loft, grunt_megastairs_2,
          uniq_enchantress
Depths:3: minmay_dotted_concentric_squares, layout_long_grid,
          rand_demon_pan_entry_4, infiniplex_enter_wizlab_spiral,
          serial_bayou_pond_a, hell_entry, uniq_margery
Depths:4: minmay_swirls_squares, layout_long_grid, grunt_pan_entry_spiral,
          hangedman_tar_grid_catacomb, abyss_entry_crystal, serial_shops, shop,
          hangedman_abyss_or_decor_lesser_grid, grunt_ministairs_8,
          kennysheep_generic_room_15
Depths:5: grunt_crosshair, layout_cave_pools, roderic_lattice_a,
          grunt_hell_entry_dis_mu, grunt_pan_entry_sceptre
Zot:1:    layout_onion_interference, hangedman_hellfire_club, grunt_megastairs_5
Zot:2:    gammafunk_the_bubble [the_bubble_gammafunk_crates], layout_basic,
          gammafunk_ghost_split
Zot:3:    lemuel_draconian_sentries, layout_onion_interference
Zot:4:    layout_gridlike, hangedman_xom_zot_hilarity
Zot:5:    layout_misc_corridors

Skill      XL: |  1  2  3  4  5  6  7  8  9 10 11 12 13 14 15 16 17 18 19 20 21 22 23 24 25 26 27 |
---------------+----------------------------------------------------------------------------------+-----
Translocations | 3 4 6 |  6.2
Throwing       | 1 2 3 5 6 7 8 9 11 12 13 14 15 17 18 19 24 | 24.1
Maces & Flails | 3 4 5 6 7 9 11 12 14 15 16 17 18 19 20 21 24 | 24.1
Fighting       | 3 4 5 6 7 8 9 10 12 14 17 19 20 21 22 23 24 25 26 27 | 27.0
Dodging        | 2 3 4 5 6 7 8 9 10 11 12 | 12.8
Armour         | 2 3 4 5 7 8 9 10 11 12 15 | 15.0
Shields        | 1 2 3 5 8 9 11 13 14 15 | 15.0
Spellcasting   | 3 4 5 6 |  6.7
Evocations     | 1 2 3 4 5 6 |  6.8
Necromancy     | 1 |  1.2
Invocations    | 1 2 3 5 6 7 10 | 10.8
Conjurations   | 1 |  1.7
Stealth        | 3 5 6 7 8 |  8.7
Transmutations | |  0.2
Ice Magic      | |  0.9
Earth Magic    | |  0.1

Action                   |  1- 3 |  4- 6 |  7- 9 | 10-12 | 13-15 | 16-18 | 19-21 | 22-24 | 25-27 || total
-------------------------+-------+-------+-------+-------+-------+-------+-------+-------+-------++-------
Melee: Mace              |   148 |   105 |       |       |       |       |       |       |       ||   253
       Whip              |       |   122 |   167 |       |       |       |       |       |       ||   289
       Flail             |       |       |   374 |   670 |  1323 |  1556 |   923 |       |       ||  4846
       Morningstar       |       |       |       |       |       |       |   534 |   611 |    40 ||  1185
       Demon whip        |       |       |       |       |       |       |       |   591 |  2326 ||  2917
Throw: Stone             |     4 |     1 |     7 |       |       |       |       |       |       ||    12
       Dart              |       |    43 |    55 |    73 |   186 |    35 |       |       |       ||   392
       Boomerang         |       |     1 |       |    38 |    19 |   418 |   252 |   434 |   905 ||  2067
       Javelin           |       |     3 |    45 |     4 |       |       |     8 |       |     8 ||    68
       Throwing net      |       |     2 |     4 |     1 |     2 |       |       |       |       ||     9
 Cast: Blink             |       |     3 |    11 |     9 |     2 |     3 |     1 |     3 |    25 ||    57
       Pain              |       |       |     2 |     8 |       |     1 |       |       |       ||    11
       Teleport Other    |       |       |     1 |       |       |       |       |       |       ||     1
       Freeze            |       |       |     2 |     2 |     1 |       |       |       |       ||     5
       Magic Dart        |       |       |       |       |    45 |    11 |       |       |       ||    56
       Passage of Golubr |       |       |       |       |     1 |       |       |     1 |     3 ||     5
       Apportation       |       |       |       |       |       |       |     3 |       |     2 ||     5
       Passwall          |       |       |       |       |       |       |     2 |       |     2 ||     4
Invok: Heroism           |       |       |       |     6 |     3 |    17 |    13 |    10 |    15 ||    64
       Finesse           |       |       |       |     2 |     3 |    10 |     9 |     9 |    13 ||    46
 Abil: Fly               |       |       |       |       |     1 |       |       |       |       ||     1
Evoke: Wand              |       |       |     7 |    34 |    16 |    42 |    18 |     7 |    23 ||   147
       Phantom mirror    |       |       |       |       |       |     1 |       |       |       ||     1
       Lightning rod     |       |       |       |       |       |     8 |     7 |    16 |    16 ||    47
  Use: Scroll            |       |     9 |     3 |    10 |    10 |    14 |    15 |    25 |    31 ||   117
       Potion            |       |       |       |       |       |     1 |    10 |     2 |    28 ||    41
 Stab: Distracted        |       |       |     1 |     1 |     1 |     3 |       |     4 |     8 ||    18
       Sleeping          |       |       |       |     6 |     2 |     9 |     1 |     5 |    10 ||    33
       Paralysed         |       |       |       |       |       |       |    18 |     3 |       ||    21
Armor: Leather armour    |    71 |    85 |   139 |   195 |   228 |       |       |       |       ||   718
       Steam dragon scal |       |       |    77 |       |       |       |       |       |       ||    77
       Scale mail        |       |       |       |       |     9 |   284 |       |       |       ||   293
       Chain mail        |       |       |       |       |       |   108 |   328 |   155 |   363 ||   954
Dodge: Dodged            |    95 |   147 |   324 |   305 |   451 |   526 |   422 |   316 |   830 ||  3416
Block: Other             |       |       |   103 |    94 |       |       |       |       |       ||   197
       Reflection        |       |       |     3 |    26 |    35 |    78 |   162 |    90 |    71 ||   465
       Kite shield       |       |       |       |   238 |  1118 |  1237 |  1189 |   615 |  1295 ||  5692
